AoeStats
← K

Yucatan

510546648Analyzed
4v4 RM · 2d ago on Oct 1, 2026· 56m 20s· 8 players
Game mode
Random Map
Map size
Large (8 player)
Population
200
Speed
Normal
Resources
Standard
Victory
Conquest
Starting age
Dark Age
Ending age
Imperial Age
RankedLock teamsTeams togetherTeam positionsShared explorationLock speedFull tech treeHidden civsTurbo modeCheats
Victory
Defeat
🇸🇪 Saxons · Sweden
1351
+8
🇸🇪 Cumans · Sweden
1207
+14
🇸🇪 Danes · Sweden
1142
+16
🇸🇪 Mongols · Sweden
1092
+18
🇨🇱 Armenians · Chile
1161
-14
🇪🇸 Burgundians · Spain
1157
-14
🇨🇳 Franks · China
1149
-14
🇬🇧 Mongols · United Kingdom
1146
-14
Jarcoz
5:33 Loom
11:54 Feudal Age
17:10 Castle Age
16:26 Double-Bit Axe
18:19 Forging
19:04 Bow Saw
19:14 Cavalier
21:06 Horse Collar
27:53 Wheelbarrow
27:03 Town Watch
28:06 Iron Casting
27:36 Scale Barding Armor
28:52 Hand Cart
28:40 Heavy Plow
29:35 Husbandry
29:58 Gold Mining
30:46 Chain Barding Armor
36:28 Imperial Age
37:19 Two-Man Saw
36:27 Paladin
37:46 Plate Barding Armor
40:47 Conscription
45:12 Blast Furnace
Thanos_Car
3:44 Loom
11:07 Feudal Age
15:32 Castle Age
16:41 Wheelbarrow
17:02 Double-Bit Axe
17:24 Town Watch
19:39 Bow Saw
20:26 Fletching
21:12 Gold Mining
23:52 Horse Collar
27:10 Hand Cart
27:19 Heavy Plow
27:18 Stone Mining
28:36 Bodkin Arrow
31:58 Padded Archer Armor
33:58 Gold Shaft Mining
40:18 Imperial Age
38:35 Leather Archer Armor
38:31 Forging
38:21 Scale Mail Armor
38:32 Forging
38:22 Scale Mail Armor
39:34 Scale Mail Armor
40:00 Ballistics
40:32 Elite Composite Bowman
41:23 Bracer
42:50 Conscription
43:13 Man-at-Arms
43:39 Gambesons
43:54 Squires
43:58 Arson
45:11 Ring Archer Armor
46:30 Chemistry
45:11 Treadmill Crane
46:07 Long Swordsman
50:04 Two-Handed Swordsman
51:26 Champion
53:46 Fereters
54:21 Pikeman
easymoney
11:34 Feudal Age
16:32 Castle Age
18:14 Double-Bit Axe
19:16 Bow Saw
19:02 Gold Mining
22:13 Stone Mining
22:58 Gold Shaft Mining
32:12 Imperial Age
30:25 Wheelbarrow
30:06 Fishing Lines
31:51 Hand Cart
31:44 Loom
32:26 Husbandry
32:25 Cavalier
33:46 Scale Barding Armor
33:52 Forging
34:35 Conscription
34:53 Paladin
36:30 Gold Shaft Mining
38:09 Iron Casting
37:54 Chain Barding Armor
38:09 Chivalry
39:59 Blast Furnace
38:25 Elite Throwing Axeman
39:40 Hoardings
40:45 Plate Barding Armor
40:12 Padded Archer Armor
40:03 Fletching
41:14 Scale Mail Armor
41:40 Ballistics
45:40 Chemistry
44:21 Treadmill Crane
44:45 Caravan
53:18 Leather Archer Armor
52:59 Bodkin Arrow
53:19 Chain Mail Armor
55:29 Chain Mail Armor
K
7:30 Loom
9:23 Feudal Age
17:21 Castle Age
16:21 Stone Mining
16:18 Double-Bit Axe
20:52 Fletching
25:03 Thumb Ring
27:04 Bow Saw
26:40 Horse Collar
35:30 Bodkin Arrow
38:51 Wheelbarrow
38:02 Town Watch
38:24 Heavy Plow
38:17 Gold Mining
47:48 Padded Archer Armor
49:40 Nomads
Kaos1000
8:20 Loom
11:39 Feudal Age
12:31 Double-Bit Axe
13:28 Horse Collar
21:04 Castle Age
18:51 Loom
20:41 Stone Mining
20:41 Gold Mining
21:06 Scale Barding Armor
21:11 Forging
22:35 Bow Saw
22:27 Heavy Plow
24:13 Chain Barding Armor
24:36 Iron Casting
24:14 Bloodlines
27:14 Steppe Husbandry
29:42 Wheelbarrow
28:53 Town Watch
30:10 Fletching
35:00 Imperial Age
35:08 Elite Steppe Lancer
37:51 Plate Barding Armor
38:17 Blast Furnace
39:40 Cavalier
42:25 Conscription
42:40 Hoardings
42:37 Capped Ram
43:27 Caravan
45:57 Paladin
54:38 Gold Shaft Mining
Redlocke
5:18 Loom
11:40 Feudal Age
12:08 Double-Bit Axe
18:06 Castle Age
19:07 Bow Saw
20:59 Fortified Wall
23:06 Horse Collar
24:57 Town Watch
29:22 Wheelbarrow
29:32 Masonry
37:34 Fletching
38:35 Bodkin Arrow
39:30 Thumb Ring
40:10 Padded Archer Armor
40:27 Gold Mining
41:28 Hand Cart
41:45 Leather Archer Armor
42:58 Gold Shaft Mining
46:29 Imperial Age
46:38 Caravan
47:08 Elite Mangudai
47:58 Bracer
48:54 Conscription
49:27 Parthian Tactics
50:05 Ballistics
49:49 Heavy Cavalry Archer
52:14 Chemistry
51:57 Capped Ram
53:01 Drill
53:16 Siege Ram
56:34 Scale Mail Armor
56:06 Pikeman
57:04 Forging
Creweer
9:28 Loom
11:14 Feudal Age
12:03 Double-Bit Axe
12:46 Horse Collar
15:12 Castle Age
17:38 Bow Saw
20:40 Heavy Plow
23:56 Wheelbarrow
24:04 Squires
24:18 Scale Mail Armor
25:04 Gambesons
25:36 Chain Mail Armor
28:25 Arson
29:32 Hand Cart
29:56 Gold Mining
30:38 Guard Tower
31:01 Forging
33:24 Imperial Age
31:14 Fletching
32:05 Gold Shaft Mining
34:01 Iron Casting
33:22 Bodkin Arrow
33:50 Ballistics
33:26 Murder Holes
33:12 Treadmill Crane
33:43 Masonry
33:45 Stone Mining
34:45 Keep
35:10 Chemistry
34:42 Plate Mail Armor
33:36 Elite Varangian Guard
34:17 Arrowslits
36:02 Two-Man Saw
34:37 Shield Wall
35:38 Conscription
35:59 Crop Rotation
35:56 Bracer
39:00 Coinage
42:15 Banking
43:07 Architecture
J.D.Rehn
5:12 Loom
10:18 Feudal Age
10:43 Man-at-Arms
11:43 Double-Bit Axe
15:20 Arson
15:40 Horse Collar
17:20 Fletching
21:02 Castle Age
19:18 Horse Collar
21:31 Stone Mining
21:32 Gold Mining
21:57 Bow Saw
22:26 Wheelbarrow
22:34 Scale Mail Armor
33:42 Hand Cart
35:18 Chain Mail Armor
36:06 Forging
38:30 Iron Casting
37:58 Bodkin Arrow
38:32 Hamask
40:08 Stone Shaft Mining
40:09 Gold Shaft Mining
42:56 Masonry
46:08 Imperial Age
46:00 Ballistics
48:04 Hoardings
49:05 Squires
50:42 Gambesons
57:05 Conscription
Connection lost

Rejoining the realm…

Still unreachable

The connection could not be restored.

Session expired

The server has moved on; the page needs a fresh start.